 Dungeon Crawl Stone Soup version 0.31-a0-214-gb37851dbb3 (webtiles) character file.

Game seed: 13183732593461096503

250 qw the Chopper (level 6, 0/39 HPs)
             Began as a Gargoyle Fighter on July 1, 2023.
             Slain by Duvessa
             ... wielding a +0 short sword
              (3 damage)
             ... on level 4 of the Dungeon.
             The game lasted 00:01:22 (2698 turns).

qw the Chopper (Gargoyle Fighter)                   Turns: 2698, Time: 00:01:23

Health: 0/39       AC: 12    Str: 19 (21) XL:     6   Next: 13%
Magic:  6/6        EV:  9    Int:  7 (9)  God:
Gold:   187        SH:  4    Dex:  7 (9)  Spells: 5/5 levels left

rFire   . . .        Y - +0 war axe
rCold   . . .        c - +0 buckler
rNeg    + . .        b - +0 scale mail
rPois   inf          (no helmet)
rElec   +            (no cloak)
rCorr   .            (no gloves)
SInv    .            i - +0 pair of boots
Will    .....        (no amulet) Stlth
                     (no ring)
HPRegen 0.26/turn    (no ring)
MPRegen 0.10/turn

%: no passive effects
@: lit by a corona, glowing
A: sickness immunity, AC +4, negative energy resistance 1, electricity
resistance, torment resistance 1, petrification resistance
a: no special abilities


You were on level 4 of the Dungeon.
You visited 1 branch of the dungeon, and saw 4 of its levels.

You collected 187 gold pieces.


Innate Abilities, Weirdness & Mutations

You are immune to sickness and miasma.
Your stone body is resilient. (AC +4)
You are immune to poison.
You resist negative energy. (rN+)
You are resistant to electric shocks. (rElec)
You are resistant to unholy torment.
You are immune to petrification.


   Skills:
 - Level 4.4 Fighting
 + Level 5.1 Axes
 - Level 3.2 Armour
 - Level 3.2 Shields


You had 5 spell levels left.
You didn't know any spells.
Your spell library was empty.

Inventory:

Hand Weapons
 a - a +0 flail
 Y - a +0 war axe (weapon)
Armour
 b - a +0 scale mail (worn)
 c - a +0 buckler (worn)
 i - a +0 pair of boots (worn)
Scrolls
 e - 2 scrolls of silence {unknown}
Potions
 d - 3 potions of might
 f - a potion of invisibility {unknown}
 g - a potion of cancellation
 h - a potion of enlightenment {unknown}
 j - a potion of lignification {unknown}
 k - a potion of berserk rage {unknown}
 l - a potion of attraction {unknown}

Dungeon Overview and Level Annotations

Branches:
Dungeon (4/15)
 Temple: D:4-7

Altars:
Nemelex Xobeh
Wu Jian

Shops:
D:1 :

Annotations:
D:1 1 runed translucent door
D:4 Dowan, Duvessa


Message History

Duvessa is nearby!
You hit Duvessa but do no damage. Duvessa hits you but does no damage.
You hit Duvessa.
Duvessa is lightly wounded.
Duvessa hits you with a +0 short sword.
You hit Duvessa.
Duvessa is lightly wounded.
Duvessa hits you with a +0 short sword!
You barely miss Duvessa.
Duvessa is lightly wounded.
You slash Dowan! You block Dowan's attack. Dowan hits you but does no damage.
Duvessa barely misses you.
You barely miss Dowan.
Dowan is moderately wounded.
You hit Duvessa. Dowan hits you but does no damage. You block Duvessa's attack.
Dowan casts a spell at Duvessa.
Duvessa seems to speed up.
You hear a shout!
You hit Duvessa.
Duvessa is moderately wounded.
You closely miss Dowan. Duvessa hits you with a +0 short sword!
Dowan hits you with a +3 dagger. Duvessa completely misses you.
Dowan points at you and mumbles some strange words.
The puff of frost hits you.
You barely miss Duvessa.
Duvessa is moderately wounded.
You closely miss Dowan. Duvessa hits you but does no damage.
Dowan completely misses you. Duvessa hits you with a +0 short sword.
Dowan hits you but does no damage.
You hit Duvessa.
Duvessa is heavily wounded.
You slash Dowan! Duvessa hits you with a +0 short sword!
Dowan casts a spell.
Dowan blinks!
Duvessa hits you with a +0 short sword.
You die...

..........# ..s...
..........# .....7
..........# ....e77
.........# .~~....
....<....# .~~.....#
..........+ ..e.....#
..........# ###.....##.#
.........## #.s#### #..#
.........# #.e@..###.#
.............#.........#
.............#.>.......#
.............'..e......#
......... ...#.........##
......... ##+#..........#
......##.# #.###.###.##.#
(.....#...............#.#
........ #^###.###.##...#


You could see Duvessa (fast), Dowan (fast) and a scorpion.

Vanquished Creatures
  A scorpion (D:4)
  An orc priest (D:3)
  8 adders
  A white imp (D:3)
  An ufetubus (D:4)
  2 dart slugs (D:2)
  6 orcs
  5 bats
  6 endoplasms
  3 giant cockroaches
  6 goblins
  9 hobgoblins
  2 jackals (D:4)
  6 ball pythons
  4 frilled lizards
  6 kobolds
  4 rats
71 creatures vanquished.

Notes
Turn   | Place    | Note
-------+----------+-------------------------------------------
     0 | D:1      | qw the Gargoyle Fighter began the quest for the Orb.
     0 | D:1      | Reached XP level 1. HP: 14/14 MP: 1/1
     0 | D:1      | 0 ||| qw: Version: 0.3-a-32-g5962c71
     0 | D:1      | 0 ||| qw: Game counter: 7375
     0 | D:1      | 0 ||| qw: Melee chars always use a shield: true
     0 | D:1      | 0 ||| qw: God list: Okawaru
     0 | D:1      | 0 ||| qw: Allow faded altars: false
     0 | D:1      | 0 ||| qw: Do Orc after clearing Dungeon:15 true
     0 | D:1      | 0 ||| qw: Do second Lair branch before Depths: true
     0 | D:1      | 0 ||| qw: Lair rune preference: random
     0 | D:1      | 0 ||| qw: Goals: Normal, Zot:1-4, Slime:5, God:TSO, Crypt,
                  | Tomb, Abyss, Pan, Hells, Win
     0 | D:1      | 0 ||| PLANNING D:1-11
     1 | D:1      | Found a runed translucent door.
     1 | D:1      | Noticed a jelly
    17 | D:1      | Reached skill level 2 in Axes
    20 | D:1      | 20 ||| Stepping ~*~*~tactically~*~*~ (stealth).
   123 | D:1      | 123 ||| Stepping ~*~*~tactically~*~*~ (stealth).
   130 | D:1      | Reached XP level 2. HP: 19/19 MP: 2/2
   139 | D:1      | 139 ||| Stepping ~*~*~tactically~*~*~ (stealth).
   272 | D:1      | Found Uvaithro's Book Boutique.
   389 | D:1      | Found a faded altar of an unknown god.
   417 | D:1      | 417 ||| UPGRADING to +0 pair of boots.
   422 | D:1      | 422 ||| DRINKING 2 silvery potions.
   451 | D:2      | 451 ||| Stepping ~*~*~tactically~*~*~ (stealth).
   488 | D:2      | Reached skill level 3 in Axes
   488 | D:2      | Reached XP level 3. HP: 23/23 MP: 3/3
   721 | D:2      | Reached XP level 4. HP: 28/28 MP: 4/4
   973 | D:2      | Reached skill level 4 in Axes
   985 | D:2      | 985 ||| Stepping ~*~*~tactically~*~*~ (hiding).
   998 | D:2      | 998 ||| Stepping ~*~*~tactically~*~*~ (stealth).
   999 | D:2      | 999 ||| Stepping ~*~*~tactically~*~*~ (stealth).
  1188 | D:2      | 1188 ||| READING scroll labelled UNAUBAG VULODADD.
  1189 | D:2      | 1189 ||| READING scroll labelled UTROLOTOCS.
  1190 | D:2      | 1190 ||| READING scroll labelled OSSERH KICIF.
  1240 | D:3      | 1240 ||| STAIRDANCE
  1267 | D:2      | 1267 ||| DROPPING +0 mace.
  1277 | D:3      | 1277 ||| Stepping ~*~*~tactically~*~*~ (stealth).
  1527 | D:3      | Found a sparkling altar of Nemelex Xobeh.
  1798 | D:3      | Reached XP level 5. HP: 32/32 MP: 5/5
  1909 | D:3      | Found the +7 staff of the Meek {protect, meekguard}
  2095 | D:3      | Reached skill level 5 in Axes
  2353 | D:3      | 2353 ||| READING scroll labelled MAEFOMPAXE.
  2354 | D:3      | 2354 ||| READING scroll labelled RIVUYSHRIAX.
  2355 | D:3      | 2355 ||| READING scroll labelled CEAJOS OBEC.
  2356 | D:3      | 2356 ||| DRINKING 2 purple potions.
  2357 | D:3      | 2357 ||| DROPPING potion of degeneration.
  2427 | D:4      | 2427 ||| STAIRDANCE
  2460 | D:4      | 2460 ||| FLEEEEING.
  2465 | D:4      | 2465 ||| STAIRDANCE
  2555 | D:4      | Reached XP level 6. HP: 35/39 MP: 6/6
  2614 | D:4      | 2614 ||| Stepping ~*~*~tactically~*~*~ (stealth).
  2615 | D:4      | 2615 ||| Stepping ~*~*~tactically~*~*~ (stealth).
  2685 | D:4      | Noticed Duvessa
  2685 | D:4      | Noticed Dowan
  2686 | D:4      | 2686 ||| Stepping ~*~*~tactically~*~*~ (hiding).
  2687 | D:4      | Found an ornate altar of the Wu Jian Council.
  2688 | D:4      | 2688 ||| Stepping ~*~*~tactically~*~*~ (hiding).
  2698 | D:4      | HP: 3/39 [Duvessa/+0 short sword (8)]
  2698 | D:4      | Slain by Duvessa

Levels and vault maps discovered:
D:1:      dpeg_arrival_caged_fury, layout_rooms, serial_shops, shop,
          shapermc_ecumenical_altar_acropolis, feat_on_display
D:2:      layout_loops_ring
D:3:      layout_basic, nemelex_spade_bored_becter, pf_guarded_unrand_meek
D:4:      layout_gridville, nicolae_wu_jian_wuxing_cycle,
          nicolae_concentric_dashed_squares_mild, minmay_ruptured, uniq_duvessa

Skill      XL: |  1  2  3  4  5 |
---------------+----------------+-----
Axes           | 2 3 4 5 |  5.1
Fighting       | 4 |  4.4
Armour         | |  3.2
Shields        | |  3.2

Action                     |  1- 3 |  4- 6 || total
---------------------------+-------+-------++-------
  Melee: War axe           |    53 |   131 ||   184
    Use: Potion            |     1 |     1 ||     2
         Scroll            |       |     6 ||     6
 Armour: Scale mail        |    20 |    60 ||    80
  Dodge: Dodged            |    18 |    58 ||    76
  Block: Buckler           |     9 |    23 ||    32

Table legend:
 A = Non-vault XP
 B = Vault XP
 C = Vault XP percentage of total XP
 D = Non-vault monster count
 E = Vault monster count
 F = Vault count percentage of total count
                 A         B        C        D         E       F
            +---------+---------+-------+---------+---------+-------
      Total |     308 |      50 |  14.0 |      67 |       4 |   5.6
            +---------+---------+-------+---------+---------+-------
        D:1 |      23 |       0 |   0.0 |      16 |       0 |   0.0
        D:2 |      87 |       0 |   0.0 |      20 |       0 |   0.0
        D:3 |      69 |      50 |  42.0 |      21 |       4 |  16.0
        D:4 |     129 |       0 |   0.0 |      10 |       0 |   0.0
            +---------+---------+-------+---------+---------+-------
